 Dungeon Crawl Stone Soup version 0.21.0-3-g78d12a8 (webtiles) character file.

333 Suckerboh the Sneak (level 6, -3/30 HPs)
             Began as a Spriggan Enchanter on Jan 9, 2018.
             Shot with an arrow by a centaur (10 damage)
             ... on level 4 of the Dungeon.
             The game lasted 00:05:22 (2880 turns).

Suckerboh the Sneak (Spriggan Enchanter)            Turns: 2880, Time: 00:05:23

Health: -3/30      AC:  3    Str: 10    XL:     6   Next: 27%
Magic:  13/13      EV: 19    Int: 19    God:
Gold:   170        SH:  0    Dex: 16    Spells: 5/14 levels left

rFire    . . .     SeeInvis +   a - +1 dagger
rCold    . . .     Gourm    .   (shield restricted)
rNeg     . . .     Faith    .   b - +0 robe
rPois    .         Spirit   .   m - +1 hat
rElec    .         Reflect  .   (no cloak)
rCorr    .         Harm     .   (gloves unavailable)
MR       +....                  (boots unavailable)
Stlth    +++.......             (no amulet)
HPRegen  0.10/turn              p - ring of wizardry
MPRegen  0.13/turn              q - +6 ring of strength

@: very quick
A: very small, unfitting armour, see invisible, herbivore, speed 3, slow
metabolism 2
a: no special abilities


You were on level 4 of the Dungeon.
You were hungry.

You visited 1 branch of the dungeon, and saw 4 of its levels.

You collected 170 gold pieces.

Inventory:

Hand Weapons
 a - a +1 dagger (weapon)
Armour
 b - a +0 robe (worn)
 m - a +1 hat (worn)
Jewellery
 n - an uncursed amulet of faith {unknown}
 p - a ring of wizardry (left hand)
 q - a +6 ring of strength (right hand)
Scrolls
 g - 2 scrolls of remove curse {unknown}
 h - a scroll of enchant armour {unknown}
 j - 2 scrolls of amnesia {unknown}
 k - 2 scrolls of teleportation {unknown}
 l - 2 scrolls of magic mapping {unknown}
 o - a scroll of immolation {unknown}
Potions
 e - a potion of heal wounds {unknown}
 f - 3 potions of degeneration {unknown}
 i - 2 potions of curing {unknown}
 r - a potion of brilliance {unknown}
 s - a potion of lignification {unknown}
Books
 c - a book of Maledictions

   Spells                             Type                      Level
   a - Corona                         Hexes                        1
   b - Ensorcelled Hibernation        Hexes/Ice                    2
   c - Confuse                        Hexes                        3
   d - Tukima's Dance                 Hexes                        3
   e - Dazzling Spray                 Conjuration/Hexes            3
Comestibles
 d - 8 rations


   Skills:
 + Level 1.0 Fighting
 + Level 2.5 Short Blades
 + Level 4.1 Dodging
 + Level 6.6 Stealth
 * Level 4.6 Spellcasting
 * Level 4.8 Hexes
 + Level 0.5 Ice Magic


You had 5 spell levels left.
You knew the following spells:

 Your Spells              Type           Power        Failure   Level  Hunger
a - Corona                Hex            ###....      1%          1    None
b - Ensorcelled Hibernat  Hex/Ice        ##....       2%          2    #......
c - Confuse               Hex            ###.....     2%          3    ###....
d - Dazzling Spray        Conj/Hex       ##....       6%          3    ###....


Dungeon Overview and Level Annotations

Branches:
Dungeon (4/15)
 Temple: D:4-7

Altars:
Elyvilon
Hepliaklqana
Wu Jian


Innate Abilities, Weirdness & Mutations

You are very small and have problems with some larger weapons.
You are too small for most types of armour.
You have supernaturally acute eyesight. (SInv)
You are a herbivore.
You cover ground extremely quickly.
You need consume almost no food.


Message History

Your base attributes are Str 4, Int 18, Dex 16.
Increase (S)trength, (I)ntelligence, or (D)exterity?
You feel clever.
You see here a giant club.
You start resting.
Magic restored.
You start resting.
HP restored.
There is a stone staircase leading down here.
You climb downwards.
The centaur wields a shortbow.
The centaur shoots an arrow.
The arrow hits you! The gnoll barely misses you.
The centaur shoots an arrow.
The arrow hits you!
* * * LOW HITPOINT WARNING * * *
The gnoll hits you with a halberd.
* * * LOW HITPOINT WARNING * * *
There is a stone staircase leading up, spattered with blood here.
You see here 2 arrows.
Unknown command.
The centaur shoots an arrow.
The arrow hits you!
You die...

#+# #.# #.# # ##.##
. #.##...##
#.#.#.c...#
..'.>#...# #######.#
#...#.######g......#
#.....c....@.#
#...#.########
#...##(# ....# #.#
...# #.#
#########.####
#...[..(.....#
#.######.....### #.#
####.......#


You could see a centaur and a gnoll.

Vanquished Creatures
  An ogre (D:3)
  A scorpion (D:4)
  A hound (D:3)
  Jessica (D:2)
  A worker ant (D:3)
  A howler monkey skeleton (D:4)
  4 adders
  An ooze (D:1)
  An adder skeleton (D:4)
  An adder zombie (D:4)
  A worm (D:3)
  2 dart slugs
  A leopard gecko (D:1)
  4 ball pythons
  4 giant cockroaches
  5 goblins
  7 hobgoblins
  4 jackals (D:2)
  A quokka (D:3)
  2 bats
  5 frilled lizards
  5 kobolds
  10 rats
64 creatures vanquished.

Notes
Turn   | Place    | Note
-------+----------+-------------------------------------------
     0 | D:1      | Suckerboh the Spriggan Enchanter began the quest for the Orb.
     0 | D:1      | Reached XP level 1. HP: 9/9 MP: 5/5
   309 | D:1      | Reached XP level 2. HP: 5/13 MP: 6/6
   511 | D:1      | Learned a level 2 spell: Ensorcelled Hibernation
   539 | D:1      | Reached skill level 5 in Stealth
   882 | D:2      | Reached XP level 3. HP: 16/16 MP: 3/8
  1204 | D:2      | Noticed Jessica
  1219 | D:2      | Killed Jessica
  1219 | D:2      | Reached XP level 4. HP: 21/21 MP: 8/10
  1784 | D:3      | Reached XP level 5. HP: 22/25 MP: 8/12
  1906 | D:3      | Found an ornate altar of the Wu Jian Council.
  1909 | D:3      | Found a hazy altar of Hepliaklqana.
  1915 | D:3      | Found a white marble altar of Elyvilon.
  2069 | D:3      | Reached skill level 6 in Stealth
  2456 | D:4      | Learned a level 3 spell: Confuse
  2460 | D:4      | Learned a level 3 spell: Dazzling Spray
  2800 | D:4      | Noticed a centaur
  2803 | D:4      | Noticed an ogre
  2828 | D:3      | Killed an ogre
  2828 | D:3      | Reached skill level 1 in Fighting
  2828 | D:3      | Reached XP level 6. HP: 25/30 MP: 9/13
  2880 | D:4      | Shot with an arrow by a centaur

Skill      XL: |  1  2  3  4  5 |
---------------+----------------+-----
Stealth        | 5 6 |  6.6
Spellcasting   | 3 4 |  4.6
Hexes          | 4 |  4.8
Short Blades   | 2 |  2.5
Fighting       | 1 |  1.0
Dodging        | 4 |  4.1
Ice Magic      | |  0.5

Action                   |  1- 3 |  4- 6 || total
-------------------------+-------+-------++-------
Melee: Dagger            |    99 |   145 ||   244
 Cast: Ensorcelled Hiber |     1 |    18 ||    19
       Confuse           |       |     1 ||     1
 Stab: Sleeping          |    16 |    11 ||    27
Armor: Robe              |     7 |    18 ||    25
Dodge: Dodged            |    53 |   134 ||   187
